 Dungeon Sprint DCSS version 0.26-a0-720-g2a1d101370 (webtiles) character file.

Game seed: 7578159650357022448

5409 mhtbhm the Fencer (level 10, 0/101 HPs)
             Began as a Minotaur Fighter on Nov 3, 2020.
             Was a High Priest of Okawaru.
             Slain by a basilisk (2 damage)
             ... while petrified by a basilisk
             ... in the Dungeon (Sprint IX: "|||||||||||||||||||||||||||||").
             The game lasted 00:01:18 (1619 turns).

mhtbhm the Fencer (Minotaur Fighter)                Turns: 1619, Time: 00:01:19

Health: 0/101      AC: 12    Str: 28    XL:     10   Next: 40%
Magic:  9/9        EV:  2    Int:  5    God:    Okawaru [*****.]
Gold:   0          SH:  0    Dex:  9    Spells: 9/9 levels left

rFire    . . .     SeeInvis .   a - +2 scimitar (flame)
rCold    . . .     Faith    .   c - +0 kite shield
rNeg     + + +     Spirit   .   b - +2 ring mail
rPois    ∞         Reflect  .   (helmet restricted)
rElec    .         Harm     .   v - scarf {shadows}
rCorr    .         Rampage  .   (no gloves)
MR       .....     NoTele   +   (no boots)
Stlth    +.........             (no amulet)
HPRegen  0.26/turn              p - +2 ring of protection
MPRegen  0.11/turn              o - +3 ring of strength

@: petrified
A: retaliatory headbutt, horns 2
a: Heroism, Finesse, Renounce Religion


You were in the Dungeon.
You worshipped Okawaru.
Okawaru was extremely pleased with you.
You visited 1 branch

Inventory:

Hand Weapons
 a - a +2 scimitar of flaming (weapon)
Armour
 b - a +2 ring mail (worn)
 c - a +0 kite shield (worn)
 v - a scarf of shadows (worn)
Jewellery
 o - a +3 ring of strength (right hand)
 p - a +2 ring of protection (left hand)
Wands
 n - a wand of acid (10)
Scrolls
 j - 2 scrolls of blinking
 l - 5 scrolls of remove curse
 m - 2 scrolls of amnesia
 r - a scroll of magic mapping
 t - a scroll of identify
 u - 2 scrolls of fear
Potions
 d - a potion of might
 e - 5 potions of curing
 f - 5 potions of heal wounds
 g - a potion of haste
 h - 4 potions of magic
 i - 3 potions of brilliance
 k - a potion of invisibility
 q - a potion of stabbing
Miscellaneous
 s - a box of beasts (3/3)


   Skills:
 + Level 13.4 Fighting
   Level 3.4(9.9) Short Blades
 + Level 15.0(15.2) Long Blades
 + Level 13.4 Armour
 + Level 6.1 Dodging
 + Level 3.1 Stealth
 + Level 14.5 Shields


You had 9 spell levels left.
You didn't know any spells.
Your spell library was empty.

Dungeon Overview and Level Annotations

Branches:
Dungeon (1/1)

Altars:
Cheibriados
Dithmenos
Elyvilon
Fedhas
Gozag
Hepliaklqana
Kikubaaqudgha
Makhleb
Nemelex Xobeh
Okawaru
Qazlal
Ru
Sif Muna
Trog
Uskayaw
Vehumet
Wu Jian
Xom
Yredelemnul
Zin
The Shining One
Beogh
Jiyva
Lugonu


Innate Abilities, Weirdness & Mutations

You reflexively headbutt those who attack you in melee.
You have a pair of horns on your head.


Message History

The basilisk bites you but does no damage.
The blink frog hits you!
* * * LOW HITPOINT WARNING * * *
The blink frog hits you but does no damage.
The basilisk gazes at you. The blink frog hits you!
* * * LOW HITPOINT WARNING * * *
The basilisk bites you!
* * * LOW HITPOINT WARNING * * *
The blink frog hits you but does no damage.
The basilisk gazes at you. The blink frog hits you!
* * * LOW HITPOINT WARNING * * *
The blink frog hits you!
* * * LOW HITPOINT WARNING * * *
The basilisk completely misses you. The blink frog hits you!
* * * LOW HITPOINT WARNING * * *
The basilisk bites you.
You die...

▓▓▓▓▓▓▓▓▓▓▓▓▓▓▓▓▓▓▓▓▓▓▓▓
..(.....÷......F@lSSF...
▓▓▓▓▓▓▓▓▓▓▓▓▓▓▓▓▓▓▓▓▓▓▓▓▓▓▓▓▓▓▓▓▓
.......................)†........
▓▓▓▓▓▓▓▓▓▓▓▓▓▓▓▓▓▓▓▓▓▓▓▓▓▓▓▓▓▓▓▓▓
...'________________________'..)(
▓▓▓▓▓▓▓▓▓▓▓▓▓▓▓▓▓▓▓▓▓▓▓▓▓▓▓▓▓▓▓▓▓


You could see a basilisk, a blink frog, 2 water moccasins and a bullfrog.

Vanquished Creatures
  3 hydras (D)
  An ugly thing (D)
  A manticore (D)
  2 cane toads (D)
  A komodo dragon (D)
  A wyvern (D)
  Grum (D)
  2 yaks (D)
  A soldier ant (D)
  2 water moccasins (D)
  An ogre (D)
  6 wolves (D)
  A centaur (D)
  A bullfrog (D)
  A killer bee (D)
  An orc wizard (D)
  A hound (D)
  A worker ant (D)
  A shadow imp (D)
  An adder skeleton (D)
  3 orcs (D)
  A giant cockroach (D)
  A hobgoblin (D)
  A bat (D)
  A giant cockroach zombie (D)
  2 rats (D)
39 creatures vanquished.

Notes
Turn   | Place    | Note
-------+----------+-------------------------------------------
     0 | D        | mhtbhm the Minotaur Fighter began the quest for the Orb.
     0 | D        | Reached XP level 1. HP: 19/19 MP: 0/0
   124 | D        | Noticed a hound
   127 | D        | Reached XP level 2. HP: 22/28 MP: 1/1
   134 | D        | Reached skill level 5 in Fighting
   134 | D        | Reached skill level 5 in Armour
   134 | D        | Reached skill level 5 in Shields
   134 | D        | Reached XP level 3. HP: 29/36 MP: 2/2
   193 | D        | Found a roughly hewn altar of Beogh.
   193 | D        | Found a snail-covered altar of Cheibriados.
   193 | D        | Found a shadowy altar of Dithmenos.
   193 | D        | Found a white marble altar of Elyvilon.
   193 | D        | Found a blossoming altar of Fedhas.
   193 | D        | Found an opulent altar of Gozag.
   194 | D        | Found a hazy altar of Hepliaklqana.
   195 | D        | Found a viscous altar of Jiyva.
   196 | D        | Found an ancient bone altar of Kikubaaqudgha.
   197 | D        | Found a corrupted altar of Lugonu.
   198 | D        | Found a burning altar of Makhleb.
   199 | D        | Found a sparkling altar of Nemelex Xobeh.
   200 | D        | Found an iron altar of Okawaru.
   201 | D        | Found a stormy altar of Qazlal.
   202 | D        | Found a sacrificial altar of Ru.
   203 | D        | Found a shimmering blue altar of Sif Muna.
   204 | D        | Found a bloodstained altar of Trog.
   205 | D        | Found a hide-covered altar of Uskayaw.
   206 | D        | Found a radiant altar of Vehumet.
   207 | D        | Found an ornate altar of the Wu Jian Council.
   208 | D        | Found a shimmering altar of Xom.
   209 | D        | Found a basalt altar of Yredelemnul.
   210 | D        | Found a glowing silver altar of Zin.
   211 | D        | Found a glowing golden altar of the Shining One.
   234 | D        | Became a worshipper of Warmaster Okawaru
   291 | D        | Noticed a killer bee
   291 | D        | Noticed a centaur
   294 | D        | Killed a killer bee
   294 | D        | Reached XP level 4. HP: 36/44 MP: 3/3
   299 | D        | Killed a centaur
   299 | D        | Reached * piety under Okawaru
   299 | D        | Reached skill level 1 in Long Blades
   299 | D        | Reached XP level 5. HP: 42/52 MP: 4/4
   300 | D        | Reached skill level 1 in Dodging
   308 | D        | Reached skill level 2 in Long Blades
   547 | D        | Noticed a purple ugly thing
   547 | D        | Noticed a soldier ant
   547 | D        | Noticed an ogre
   547 | D        | Noticed a yak
   547 | D        | Noticed a manticore
   555 | D        | Killed a purple ugly thing
   555 | D        | Reached skill level 6 in Long Blades
   555 | D        | Reached skill level 10 in Armour
   555 | D        | Reached skill level 10 in Shields
   555 | D        | Reached XP level 6. HP: 40/64 MP: 5/5
   555 | D        | Reached XP level 7. HP: 44/70 MP: 6/6
   559 | D        | Reached ** piety under Okawaru
   559 | D        | Reached skill level 7 in Long Blades
   560 | D        | Reached skill level 10 in Fighting
   565 | D        | Killed a yak
   565 | D        | Reached skill level 8 in Long Blades
   568 | D        | Killed a manticore
   568 | D        | Reached *** piety under Okawaru
   568 | D        | Reached skill level 9 in Long Blades
   568 | D        | Reached XP level 8. HP: 14/81 MP: 7/7
   923 | D        | Noticed Grum
   928 | D        | Reached skill level 10 in Long Blades
   938 | D        | Killed Grum
   943 | D        | Reached skill level 11 in Long Blades
  1101 | D        | Noticed a seven-headed hydra
  1101 | D        | Noticed a cane toad
  1101 | D        | Noticed a cane toad
  1109 | D        | Killed a three-headed hydra
  1109 | D        | Reached **** piety under Okawaru
  1109 | D        | Reached skill level 12 in Long Blades
  1109 | D        | Reached skill level 1 in Stealth
  1109 | D        | Reached XP level 9. HP: 45/90 MP: 8/8
  1117 | D        | Killed a cane toad
  1117 | D        | Reached skill level 13 in Long Blades
  1349 | D        | Reached ***** piety under Okawaru
  1359 | D        | Killed a cane toad
  1359 | D        | Received a gift from Okawaru
  1359 | D        | Reached skill level 5 in Dodging
  1592 | D        | Noticed a komodo dragon
  1592 | D        | Noticed a four-headed hydra
  1593 | D        | Noticed an eight-headed hydra
  1600 | D        | Killed a komodo dragon
  1600 | D        | Reached skill level 14 in Long Blades
  1600 | D        | Reached XP level 10. HP: 58/100 MP: 9/9
  1604 | D        | Killed a one-headed hydra
  1611 | D        | Killed a two-headed hydra
  1611 | D        | Reached skill level 15 in Long Blades
  1619 | D        | HP: 2/101 [blink frog (5)]
  1619 | D        | Slain by a basilisk

Illustrated notes

Levels and vault maps discovered:
D:        linesprint [early_d, line_temple, items_1, d_10, items_2, lair_1,
          lair_end, items_3, orc_1, orc_end, items_4, d_15, swamp_1, shoals_1,
          snake_1, spider_1, d_20, vaults_1, items_5, swamp_end, shoals_end,
          snake_end, spider_end, vaults_end, d_27, items_6, zot_1, zot_end,
          crypt_end, forest_end, elf_end, slime_end, tomb_end, abyss_end,
          pan_hell_end]

Skill      XL: |  1  2  3  4  5  6  7  8  9 10 |
---------------+-------------------------------+-----
Fighting       | 4 5 6 7 9 10 11 12 13 | 13.4
Armour         | 4 5 6 8 10 11 12 13 | 13.4
Shields        | 4 5 6 8 10 12 13 14 | 14.5
Short Blades   | 3 |  3.4
Long Blades    | 1 6 9 12 14 15 | 15.0
Dodging        | 2 3 4 5 6 |  6.1
Stealth        | 1 2 3 |  3.1

Action                   |  1- 3 |  4- 6 |  7- 9 | 10-12 || total
-------------------------+-------+-------+-------+-------++-------
Melee: Rapier            |    25 |       |       |       ||    25
       Headbutt          |     4 |     6 |    20 |     2 ||    32
       Scimitar          |     3 |    22 |    85 |    10 ||   120
  Use: Potion            |       |     2 |       |       ||     2
Armor: Scale mail        |     9 |       |       |       ||     9
       Ring mail         |     2 |     9 |    16 |     7 ||    34
Dodge: Dodged            |     7 |     7 |    29 |     7 ||    50
Block: Kite shield       |    16 |    10 |    43 |     8 ||    77
       Rpst.: Scimitar   |       |     1 |     3 |       ||     4

Table legend: (Time is in decaauts)
 A = Elapsed time spent in this place.
 B = Non-inter-level travel time spent in this place.
 C = Inter-level travel time spent in this place.
 D = Time resting spent in this place.
 E = Time spent auto-exploring this place.
 F = Levels seen in this place.
 G = Mean time per level.
                   A        B        C        D        E       F      G
               +--------+--------+--------+--------+--------+-----+--------+
         Total |   1622 |   1622 |      0 |    840 |    408 |   1 | 1622.0 |
       Dungeon |   1622 |   1622 |      0 |    840 |    408 |   1 | 1622.0 |
               +--------+--------+--------+--------+--------+-----+--------+

Top non-repeatable levels by time:
       D: 1622 daAuts
